 Dungeon Crawl Stone Soup version 0.31.0-1-g2c135a008e (webtiles) character file.

Game seed: 14415413517816169802

166835 Kenran the Warrior (level 17, -3/153 HPs)
             Began as a Minotaur Monk on Jan 20, 2024.
             Was the Champion of Hepliaklqana.
             Slain by an alligator simulacrum (13 damage)
             ... in an ice cave.
             The game lasted 00:53:31 (31816 turns).

Kenran the Warrior (Minotaur Monk)                 Turns: 31816, Time: 00:53:32

Health: -3/153     AC: 27    Str: 22    XL:     17   Next: 30%
Magic:  24/27      EV: 12    Int:  7    God:    Hepliaklqana [******]
Gold:   3716       SH:  5    Dex: 15    Spells: 16/16 levels left

rFire   + . .        a - +4 broad axe (vamp)
rCold   + . .        d - orb {light}
rNeg    + . .        t - +0 plate armour
rPois   +            G - -2 hat of the Alchemist {rElec rPois rF+ rC+ rN+ Will+ rMut rCorr}
rElec   +            j - +0 cloak
rCorr   +            M - +1 pair of gloves {hurl}
SInv    .            Q - +2 pair of boots
Will    +++..        S - amulet of reflection Stlth
                     C - +4 ring of protection
HPRegen 0.45/turn    J - ring of willpower
MPRegen 0.20/turn

%: reflection, resist mutation
@: glowing, studying Ranged Weapons
A: reduced essence, horns 2, retaliatory headbutt
a: Renounce Religion, Recall Ancestor, Ancestor Identity, Transference, Idealise


You were in an ice cave.
You worshipped Hepliaklqana.
Hepliaklqana was exalted by your worship.
You visited 5 branches of the dungeon, and saw 27 of its levels.
You also visited: Bailey and Ice Cave.

You collected 4129 gold pieces.
You spent 413 gold pieces at shops.

Inventory:

Hand Weapons
 a - a +4 vampiric broad axe (weapon)
 b - the +8 whip "Snakebite" {venom, curare, rPois}
   (You found it on level 1 of the Lair of Beasts)

   rPois:     It protects you from poison
Missiles
 z - 3 throwing nets (quivered)
Armour
 d - an orb of light (worn)
 j - a +0 cloak (worn)
 t - a +0 plate armour (worn)
 G - the -2 hat of the Alchemist (worn) {rElec rPois rF+ rC+ rN+ Will+ rMut rCorr}
   (You acquired it on level 11 of the Dungeon)

   rF+:       It protects you from fire.
   rC+:       It protects you from cold.
   rElec:     It insulates you from electricity.
   rPois:     It protects you from poison rN+: It protects you from negative
   energy.
   Will+:     It increases your willpower.
   rCorr:     It protects you from acid and corrosion.
   rMut:      It protects you from mutation.
 M - a +1 pair of gloves of hurling (worn)
 Q - a +2 pair of boots (worn)
Jewellery
 C - a +4 ring of protection (left hand)
 J - a ring of willpower (right hand)
 S - an amulet of reflection (around neck)
 V - a ring of see invisible
 W - a ring of ice
Wands
 w - a wand of mindburst (20)
 D - a wand of acid (19)
 F - a wand of charming (20)
 H - a wand of flame (42)
 K - a wand of roots (14)
 O - a wand of polymorph (9)
 T - a wand of digging (24)
Scrolls
 c - 9 scrolls of fear
 e - 8 scrolls of teleportation
 f - 6 scrolls of vulnerability {!r}
 l - 3 scrolls of immolation {!r}
 n - 3 scrolls of noise {!r}
 q - 9 scrolls of enchant armour
 s - 2 scrolls of brand weapon
 u - 5 scrolls of blinking
 y - 3 scrolls of poison
 I - a scroll of silence
 L - 5 scrolls of fog
 U - 2 scrolls of butterflies
Potions
 g - 3 potions of lignification {!q}
 h - 4 potions of cancellation
 i - 6 potions of curing {@q1}
 k - 5 potions of attraction {!q}
 m - 5 potions of might
 o - 2 potions of brilliance
 p - 9 potions of mutation {!q}
 r - 3 potions of haste
 v - 4 potions of berserk rage {!q}
 A - 7 potions of enlightenment
 B - 5 potions of magic
 E - 3 potions of heal wounds {@q2}
 N - 6 potions of ambrosia
 P - a potion of resistance
Miscellaneous
 x - a phial of floods


   Skills:
 - Level 20.0 Fighting
 - Level 8.0 Long Blades
 - Level 16.0 Axes
 + Level 16.2 Armour
 + Level 10.4 Dodging
 - Level 15.0 Invocations
 - Level 7.0 Evocations


You had 16 spell levels left.
You didn't know any spells.
Your spell library contained the following spells:

 Spells                   Type           Power      Damage    Failure   Level
 Necrotise                Necr           0%         1d4       98%         1
 Sandblast                Erth           0%         2d4       98%         1
 Sting                    Conj/Alch      0%         1d3       98%         1
 Lesser Beckoning         Tloc           0%         N/A       99%         2
 Mercury Vapours          Alch/Air       0%         N/A       99%         2
 Gell's Gravitas          Tloc           0%         N/A       100%        3
 Mephitic Cloud           Conj/Alch/Air  0%         N/A       100%        3
 Passwall                 Erth           0%         N/A       100%        3
 Stone Arrow              Conj/Erth      0%         3d7       100%        3
 Teleport Other           Tloc           0%         N/A       100%        3
 Tukima's Dance           Hex            0%         N/A       100%        3
 Vampiric Draining        Necr           0%         2d6       100%        3
 Animate Armour           Summ/Erth      0%         N/A       100%        4
 Animate Dead             Necr           0%         N/A       100%        4
 Brom's Barrelling Bould  Conj/Erth      0%         2d3       100%        4
 Olgreb's Toxic Radiance  Alch           0%         N/A       100%        4
 Passage of Golubria      Tloc           0%         N/A       100%        4
 Freezing Cloud           Conj/Ice/Air   0%         6-21      100%        5
 Iskenderun's Battlesphe  Conj           0%         2d6       100%        5
 Summon Forest            Summ/Tloc      0%         N/A       100%        5
 Summon Mana Viper        Hex/Summ       0%         N/A       100%        5
 Yara's Violent Unravell  Hex/Alch       0%         3d3       100%        5
 Bombard                  Conj/Erth      0%         9d1       100%        6
 Summon Cactus Giant      Summ           0%         N/A       100%        6
 Spellforged Servitor     Conj/Summ      0%         N/A       100%        7
 Infestation              Necr           0%         N/A       100%        8
 Lehudib's Crystal Spear  Conj/Erth      0%         10d2      100%        8


Dungeon Overview and Level Annotations

Branches:
Dungeon (15/15)            Temple (1/1) D:4            Lair (5/5) D:11
  Swamp (4/4) Lair:3       Spider (0/4) Lair:3        Slime (0/5) Lair:4
    Orc (2/2) D:10            Elf (0/3) Orc:2        Vaults (0/5) D:14
 Depths (0/4) D:15         Bailey (visited)           IceCv (1/1)

Altars:
Ashenzari
Cheibriados
Dithmenos
Elyvilon
Fedhas
Gozag
Hepliaklqana
Kikubaaqudgha
Makhleb
Nemelex Xobeh
Okawaru
Qazlal
Ru
Sif Muna
Trog
Uskayaw
Vehumet
Wu Jian
Xom
Yredelemnul
Zin
The Shining One
Jiyva

Shops:
D:8 *   D:9 (   D:11 (:   D:14 *   Orc:1 :   Orc:2 !((:

Annotations:
Swamp:1 exclusion: downstairs
Swamp:2 2 transporters, esper6's ghost, journeyman GnNe


Innate Abilities, Weirdness & Mutations

Your life essence is reduced to manifest your ancestor. (-10% HP)
You have a pair of horns on your head.
You reflexively headbutt those who attack you in melee.


Message History

The caustic shrike simulacrum completely misses Bozidara.
Bozidara hits the caustic shrike simulacrum with a +0 quarterstaff!
The caustic shrike simulacrum claws Bozidara!
The caustic shrike simulacrum freezes Bozidara!
Bozidara resists.
There is an ice choked empty arch of ancient stone here.
The caustic shrike simulacrum claws Bozidara but does no damage.
Bozidara hits the caustic shrike simulacrum with a +0 quarterstaff!
The caustic shrike simulacrum claws you.
The caustic shrike simulacrum freezes you!
You resist.
The caustic shrike simulacrum claws Bozidara but does no damage.
There is an ice covered gate leading back out of this place here.
You are too injured to fight recklessly!
You closely miss the caustic shrike simulacrum.
The caustic shrike simulacrum is heavily damaged.
The caustic shrike simulacrum claws Bozidara!
The caustic shrike simulacrum freezes Bozidara!
Bozidara resists.
The caustic shrike simulacrum claws you!
The caustic shrike simulacrum freezes you!!
You resist.
Bozidara misses the caustic shrike simulacrum.
You slice the caustic shrike simulacrum!!
The caustic shrike simulacrum is almost destroyed.
The caustic shrike simulacrum barely misses you.
The caustic shrike simulacrum claws Bozidara!!
Bozidara is destroyed!
The caustic shrike simulacrum claws you.
The caustic shrike simulacrum freezes you!!
You resist.
The caustic shrike simulacrum claws you!
* * * LOW HITPOINT WARNING * * *
The caustic shrike simulacrum freezes you!!
You resist.
* * * LOW HITPOINT WARNING * * *
The alligator simulacrum tail-slaps you.
* * * LOW HITPOINT WARNING * * *
The alligator simulacrum freezes you! You resist.
You die...

### ###...#
##.......
##........
##..Z.Z....
#.......8..
#.Z.......$
#@Zu.....?/
#.Z.Z...../
#...Z...8..
##.........
##........
##.......
###...#
####


You could see a white very ugly thing, 2 alligator simulacra, a seven-headed
hydra simulacrum, a lindwurm simulacrum, an ettin simulacrum and 2 caustic
shrike simulacra.

Vanquished Creatures
  A tentacled monstrosity (Swamp:2)
  Frances (Swamp:1)
  A thorn hunter (Swamp:4)
  2 fenstrider witches (Swamp:2)
  A ghoul (Swamp:2)
  An orc warlord (Orc:2)
  4 bunyips
  2 eleionomae (Swamp:3)
  A dire elephant (Lair:5)
  Snorg (Orc:2)
  The ghost of popper the Basher, a journeyman MiBe of Trog (Lair:5)
  Josephine (D:13)
  The ghost of Mandevil the Nimble, a journeyman GnHs of Hepliaklqana (Lair:1)
  12 hydras
  An ice dragon (Lair:5)
  3 boulder beetles
  A two-headed ogre (Orc:2)
  A death knight (D:15)
  2 alligators (Swamp:1)
  6 ghost crabs
  5 centaur warriors
  An ogre mage (D:11)
  A deep troll earth mage (D:15)
  A spriggan berserker (Swamp:3)
  Sonja (Lair:5)
  3 skysharks
  3 skeletal warriors
  A death drake (Swamp:2)
  3 goliath frogs
  4 swamp dragons
  2 spriggan druids
  A lindwurm (Lair:5)
  Pikel (D:8)
  10 orc knights
  8 bog bodies (Swamp:2)
  A harpy (shapeshifter) (D:10)
  The ghost of billyroblox the Basher, a novice HuFi (D:6)
  8 cyclopes
  4 deep elf pyromancers
  2 will-o-the-wisps
  2 ugly things
  A kobold blastminer (Orc:2)
  4 meliai
  4 torpor snails
  9 elephants
  2 manticores
  3 black mambas
  A gargoyle (D:12)
  19 cane toads
  An efreet (D:14)
  6 komodo dragons
  5 yaktaurs (D:15)
  A rime drake (Lair:4)
  The ghost of ratatoskos the Changeling, a novice OpSh (D:5)
  A queen bee (Lair:2)
  A troll (Orc:2)
  A queen bee (shapeshifter) (D:11)
  18 hornets
  11 tyrant leeches
  3 polar bears
  17 blink frogs
  Sigmund (D:2)
  10 slime creatures
  A centaur simulacrum (D:15)
  12 spriggans
  4 wraiths
  2 water elementals (D:11)
  4 wyverns
  55 yaks
  2 basilisks
  2 steam dragons (Lair:5)
  5 wargs
  5 vampire mosquitoes
  10 swamp worms
  An acid dragon (Lair:5)
  16 water moccasins
  2 swamp drakes
  2 sky beasts
  An ice beast (D:6)
  32 orc warriors
  4 black bears
  2 ogres
  11 centaurs
  14 wolves
  A kobold brigand (D:6)
  17 bullfrogs
  2 scorpions
  3 gnoll sergeants
  7 wights
  22 killer bees
  7 howler monkeys
  A hound (D:4)
  11 orc priests
  2 bombardier beetles
  4 jellies
  A gnoll bouda (D:7)
  3 sleepcaps
  4 iguanas
  12 orc wizards
  Robin (D:4)
  8 gnolls
  8 adders
  3 shadow imps
  2 dart slugs
  A ribbon worm (D:2)
  43 orcs
  6 ball pythons
  9 endoplasms
  2 giant cockroaches
  18 goblins
  11 hobgoblins
  10 kobolds
  3 quokkas
  4 bats
  8 frilled lizards
  8 rats
656 creatures vanquished.

Vanquished Creatures (collateral kills)
  Kirke (Lair:5)
  A ghoul (Swamp:2)
  4 eleionomae
  A fire dragon (Lair:5)
  3 hydras
  An ice dragon (Lair:5)
  A ghost crab (Swamp:3)
  An alligator (Swamp:4)
  A catoblepas (Lair:3)
  A spriggan air mage (Swamp:4)
  A death knight (D:15)
  2 two-headed ogres
  A boulder beetle (D:13)
  A tengu warrior (D:15)
  Urug (Lair:2)
  5 spriggans
  3 skeletal warriors
  A goliath frog (Swamp:2)
  A spriggan druid (Swamp:3)
  A mana viper (shapeshifter) (D:15)
  A swamp dragon (Lair:5)
  2 bog bodies
  2 necromancers (D:14)
  2 orc knights (Orc:1)
  2 cyclopes
  3 ugly things (D:15)
  2 will-o-the-wisps (Swamp:2)
  2 meliai
  A manticore (D:13)
  5 elephants
  A meliai (shapeshifter) (D:14)
  2 kobold blastminers (Orc:2)
  A black mamba (Lair:2)
  4 torpor snails
  10 cane toads
  A gargoyle (D:11)
  2 komodo dragons
  A freezing wraith (D:15)
  3 rime drakes
  An efreet (D:15)
  A polar bear (Lair:1)
  A troll (D:12)
  A bloated husk (Swamp:1)
  6 tyrant leeches
  8 hornets
  An alligator simulacrum (IceCv)
  4 blink frogs
  3 dream sheep (Lair:3)
  2 slime creatures
  A jumping spider (Lair:3)
  18 yaks
  5 wraiths
  A wyvern (Lair:3)
  2 basilisks
  A hog (Lair:5)
  A warg (Orc:1)
  3 vampire mosquitoes
  2 steam dragons (Lair:5)
  A redback (Lair:3)
  11 swamp worms
  2 acid dragons (Lair:5)
  10 water moccasins
  A hell hound (D:15)
  2 swamp drakes
  17 orc warriors
  2 sky beasts
  4 ogres
  3 centaurs (D:13)
  9 wolves
  A lemure (D:8)
  A gnoll sergeant (D:7)
  8 bullfrogs
  9 killer bees
  4 howler monkeys
  An electric eel (Lair:2)
  A hound (D:7)
  4 jellies
  3 orc priests
  A gnoll bouda (D:7)
  A sleepcap (D:5)
  An iguana (Lair:5)
  3 orc wizards
  An adder (D:6)
  10 gnolls
  24 orcs
  4 goblins (Bailey)
  8 kobolds
288 creatures vanquished.

Vanquished Creatures (others)
  6 bloated husks
  4 humans (Lair:5)
  A basilisk (Lair:5)
  2 swamp worms (Swamp:2)
  23 battlemagi
  21 foxfires
57 creatures vanquished.

Grand Total: 1001 creatures vanquished

Notes
Turn   | Place    | Note
-------+----------+-------------------------------------------
     0 | D:1      | Kenran the Minotaur Monk began the quest for the Orb.
     0 | D:1      | Reached XP level 1. HP: 19/19 MP: 0/0
    77 | D:1      | Reached XP level 2. HP: 25/26 MP: 1/1
   342 | D:1      | Reached skill level 5 in Long Blades
   607 | D:1      | Reached XP level 3. HP: 30/31 MP: 2/2
   899 | D:2      | Noticed Sigmund
   915 | D:2      | Killed Sigmund
   916 | D:2      | Reached XP level 4. HP: 31/39 MP: 3/3
   916 | D:2      | Reached XP level 5. HP: 35/45 MP: 4/4
  1313 | D:2      | Reached skill level 4 in Fighting
  1313 | D:2      | Reached skill level 1 in Armour
  1313 | D:2      | Reached XP level 6. HP: 52/52 MP: 5/5
  2043 | D:3      | Identified a scroll of acquirement
  2103 | D:3      | Reached skill level 5 in Fighting
  2200 | D:3      | Acquired a +2 vampiric broad axe
  2473 | D:4      | Reached skill level 1 in Axes
  2522 | D:4      | Found a staircase to the Ecumenical Temple.
  2883 | D:4      | Reached XP level 7. HP: 57/61 MP: 6/6
  3078 | D:4      | Noticed Robin
  3087 | D:4      | Killed Robin
  3450 | Temple   | Entered the Ecumenical Temple
  3522 | Temple   | Became a worshipper of Hepliaklqana the Forgotten
  3522 | Temple   | Reached * piety under Hepliaklqana
  3522 | Temple   | Reached ** piety under Hepliaklqana
  3596 | D:4      | Remembered your ancestor Bozidara as a battlemage
  3617 | D:5      | Entered Level 5 of the Dungeon
  3617 | D:5      | Noticed ratatoskos's ghost (novice OpSh)
  3617 | D:5      | Found a runed translucent door.
  3657 | D:5      | Identified the +2 robe of Benevolence {rC+}
  3766 | D:5      | Reached skill level 5 in Axes
  4130 | D:6      | Found a runed translucent gate.
  4132 | D:6      | Noticed billyroblox's ghost (novice HuFi)
  4134 | D:6      | Found a runed translucent gate.
  4134 | D:6      | Found a runed translucent gate.
  4134 | D:6      | Noticed a wraith
  4136 | D:6      | Noticed a wraith
  4182 | D:6      | Reached XP level 8. HP: 61/61 MP: 7/7
  4506 | D:6      | Reached skill level 1 in Invocations
  4688 | D:7      | Reached skill level 1 in Evocations
  4884 | D:7      | Reached *** piety under Hepliaklqana
  4983 | D:7      | Noticed a hornet
  4988 | D:7      | Killed a hornet
  5501 | D:7      | Reached skill level 6 in Fighting
  5503 | D:7      | Found the +5 woodcutter's axe
  5521 | D:7      | Identified the +6 hand axe "Gunus" {freeze, Stlth+}
  5685 | D:8      | Noticed a hornet
  5731 | D:8      | Reached XP level 9. HP: 67/70 MP: 9/9
  5795 | D:8      | Noticed Pikel
  5796 | D:8      | Reached skill level 7 in Fighting
  5796 | D:8      | Reached skill level 10 in Axes
  5801 | D:8      | Killed Pikel
  5827 | D:8      | Reached skill level 8 in Fighting
  6023 | D:8      | Found Husago's Island Escapes.
  6139 | D:8      | Reached skill level 5 in Armour
  6139 | D:8      | Reached XP level 10. HP: 79/79 MP: 10/10
  6450 | D:9      | Found Muulecua's Antique Weapon Shop.
  6543 | D:9      | Reached **** piety under Hepliaklqana
  6552 | D:9      | Noticed a two-headed ogre
  6560 | D:9      | Killed a two-headed ogre
  6890 | D:10     | Entered Level 10 of the Dungeon
  6915 | D:10     | Noticed a cyclops
  6937 | D:10     | Killed a cyclops
  6938 | D:10     | Reached skill level 9 in Fighting
  6945 | D:10     | Found a flagged portal.
  6965 | Bailey   | Entered a bailey
  7302 | D:10     | a brain worm changed into a harpy
  7302 | D:10     | Noticed a harpy (shapeshifter)
  7303 | D:10     | Killed a harpy
  7413 | D:10     | Reached XP level 11. HP: 87/87 MP: 11/11
  7501 | D:10     | Found a staircase to the Orcish Mines.
  7617 | D:10     | Found a sparkling altar of Nemelex Xobeh.
  7617 | D:10     | Found a radiant altar of Vehumet.
  7623 | D:10     | Found a shimmering blue altar of Sif Muna.
  7629 | D:10     | Reached skill level 10 in Fighting
  7629 | D:10     | Found an opulent altar of Gozag.
  7636 | D:10     | Reached skill level 10 in Armour
  7640 | D:10     | Found a burning altar of Makhleb.
  7831 | D:11     | Found Imisof's Weapon Shoppe.
  7856 | D:11     | Bought the +1 hand axe of Purihoot {flame, rN+ SInv} for
                  | 361 gold pieces
  7901 | D:11     | Reached skill level 11 in Fighting
  7964 | D:11     | Noticed an ogre mage
  7969 | D:11     | Killed an ogre mage
  7979 | D:11     | Found Menugh's Book Boutique.
  7981 | D:11     | Noticed a deep elf pyromancer
  7990 | D:11     | Killed a deep elf pyromancer
  7993 | D:11     | Noticed a deep elf pyromancer
  8004 | D:11     | Killed a deep elf pyromancer
  8341 | D:11     | Reached skill level 12 in Fighting
  8361 | D:11     | Acquired the -2 hat of the Alchemist {rElec rPois rF+ rC+
                  | rN+ Will+ rMut rCorr}
  8361 | D:11     | Found the -2 hat of the Alchemist {rElec rPois rF+ rC+ rN+
                  | Will+ rMut rCorr}
  8650 | D:11     | Reached XP level 12. HP: 100/100 MP: 14/14
  8672 | D:11     | Reached skill level 5 in Invocations
  8720 | D:11     | Reached ***** piety under Hepliaklqana
  8741 | D:11     | Found a staircase to the Lair.
  8832 | D:11     | Reached skill level 15 in Axes
  9075 | Lair:1   | Entered Level 1 of the Lair of Beasts
  9372 | Lair:1   | Noticed Mandevil's ghost (journeyman GnHs)
  9374 | Lair:1   | Noticed a boulder beetle
  9436 | Lair:1   | Found a transporter.
  9442 | Lair:1   | Noticed a five-headed hydra
  9445 | Lair:1   | Found a transporter.
  9684 | Lair:1   | Found the +8 whip "Snakebite" {venom, curare, rPois}
 10371 | D:5      | Killed ratatoskos's ghost
 10427 | D:6      | Killed billyroblox's ghost
 10739 | Lair:2   | Noticed a seven-headed hydra
 10742 | Lair:2   | Reached skill level 10 in Invocations
 10858 | Lair:2   | Killed a five-headed hydra
 10946 | Lair:2   | Noticed a four-headed hydra
 10949 | Lair:2   | Reached XP level 13. HP: 103/106 MP: 19/19
 11805 | Lair:2   | Noticed Urug
 11814 | Lair:2   | Killed Urug
 12237 | Lair:3   | Reached ****** piety under Hepliaklqana
 12281 | Lair:3   | Found a hole to the Spider Nest.
 12662 | Lair:3   | Found a staircase to the Swamp.
 13299 | Lair:4   | Found a staircase to the Slime Pits.
 13310 | Lair:4   | Reached XP level 14. HP: 106/113 MP: 23/23
 13367 | Lair:4   | Found a viscous altar of Jiyva.
 13455 | Lair:4   | Reached skill level 5 in Dodging
 14001 | Lair:5   | Entered Level 5 of the Lair of Beasts
 14014 | Lair:5   | Noticed Kirke
 14024 | Lair:5   | Killed Kirke
 14222 | Lair:5   | Found a runed translucent gate.
 14222 | Lair:5   | Found a runed translucent gate.
 14223 | Lair:5   | Found a runed translucent gate.
 14229 | Lair:5   | Noticed popper's ghost (journeyman MiBe)
 14537 | Lair:5   | Identified the +0 leather armour of Carved the Leaf {Int+3}
 14720 | Lair:5   | Noticed Sonja
 14725 | Lair:5   | Killed Sonja
 15093 | Lair:5   | Killed popper's ghost
 15436 | Lair:5   | Reached skill level 13 in Fighting
 15933 | Lair:5   | Reached skill level 5 in Evocations
 16401 | D:12     | Reached XP level 15. HP: 122/122 MP: 24/24
 16774 | D:12     | Reached skill level 14 in Fighting
 16976 | D:13     | Noticed Josephine
 16984 | D:13     | Killed Josephine
 17508 | D:13     | Reached skill level 15 in Fighting
 17633 | D:13     | Found a sacrificial altar of Ru.
 17975 | Orc:1    | Entered Level 1 of the Orcish Mines
 18630 | Orc:1    | Found Zaon's Vocational Training.
 19141 | Orc:2    | Entered Level 2 of the Orcish Mines
 19200 | Orc:2    | Noticed Snorg
 19212 | Orc:2    | Killed Snorg
 19213 | Orc:2    | Reached skill level 16 in Fighting
 19410 | Orc:2    | Found a staircase to the Elven Halls.
 19826 | Orc:2    | Reached skill level 17 in Fighting
 20109 | Orc:2    | Found Tatettah's Antique Weapon Boutique.
 20109 | Orc:2    | Found Hisokust's Antique Weapon Emporium.
 20111 | Orc:2    | Found Eponnuni's Book Shoppe.
 20113 | Orc:2    | Found Ybeax's Distillery.
 20125 | Orc:2    | Bought a potion of might for 52 gold pieces
 20656 | Orc:2    | Found a staircase to the Elven Halls.
 20771 | Orc:2    | Found Hisokust's Antique Weapon Emporium.
 20771 | Orc:2    | Found Tatettah's Antique Weapon Boutique.
 20773 | Orc:2    | Found Ybeax's Distillery.
 20775 | Orc:2    | Found Eponnuni's Book Shoppe.
 21212 | Orc:2    | Found a staircase to the Elven Halls.
 21327 | Orc:2    | Found Hisokust's Antique Weapon Emporium.
 21327 | Orc:2    | Found Tatettah's Antique Weapon Boutique.
 21329 | Orc:2    | Found Ybeax's Distillery.
 21331 | Orc:2    | Found Eponnuni's Book Shoppe.
 21990 | D:14     | Found an opulent altar of Gozag.
 21992 | D:14     | Found Gozag's Platinum Reserve.
 22509 | D:14     | Found a gate to the Vaults.
 23175 | D:15     | Entered Level 15 of the Dungeon
 23175 | D:15     | Found a shadowy altar of Dithmenos.
 23179 | D:15     | Reached skill level 18 in Fighting
 23256 | D:15     | HP: 4/134 [yaktaur/bolt (11)]
 23973 | D:15     | Found a staircase to the Depths.
 24100 | D:15     | Reached XP level 16. HP: 141/141 MP: 25/25
 25613 | Swamp:1  | Entered Level 1 of the Swamp
 26642 | Swamp:1  | Identified the +11 short sword of Inluewon {heavy, rN+
                  | Str+2 SInv}
 27107 | Swamp:2  | Noticed Frances
 27110 | Swamp:2  | Reached skill level 15 in Invocations
 27127 | Swamp:1  | Killed Frances
 27856 | Swamp:2  | Noticed a tentacled monstrosity
 27865 | Swamp:2  | Found a transporter.
 27866 | Swamp:2  | Killed a tentacled monstrosity
 27867 | Swamp:2  | Reached skill level 15 in Armour
 27919 | Swamp:2  | Noticed esper6's ghost (journeyman GnNe)
 27933 | Swamp:2  | Found a transporter.
 29037 | Swamp:2  | Reached skill level 19 in Fighting
 29507 | Swamp:2  | Got the Grimoire of Resurrection and Decomposition
 29811 | Lair:1   | Killed Mandevil's ghost
 30473 | Swamp:3  | Reached XP level 17. HP: 122/151 MP: 27/27
 31008 | Swamp:3  | Reached skill level 10 in Dodging
 31275 | Swamp:4  | Entered Level 4 of the Swamp
 31404 | Swamp:3  | Reached skill level 20 in Fighting
 31790 | Swamp:4  | Found a glacial archway.
 31793 | Swamp:4  | Found the +3 robe of Clouds {*Thunder rCloud rElec}
 31809 | IceCv    | Entered an ice cave
 31816 | IceCv    | Slain by an alligator simulacrum

Illustrated notes

Levels and vault maps discovered:
D:1:      lemuel_arrival_behind_the_door_large, layout_basic
D:2:      minmay_skewed_foursquare, layout_basic, uniq_sigmund
D:3:      layout_basic, hangedman_decor_lopped
D:4:      layout_basic, temple_doors_ab, uniq_robin
D:5:      layout_rooms, gammafunk_ghost_grave
D:6:      layout_rooms, gammafunk_ghost_split
D:7:      layout_loops_ring, pf_guarded_unrand_woodcutter
D:8:      layout_rooms, nicolae_island_escapes, uniq_pikel
D:9:      layout_rooms, serial_shops, shop
D:10:     layout_cave_pools, chequers_temple_overflow_minitemple, david_orc_4,
          enter_bailey_2
D:11:     regret_index_early_branch_jog, layout_long_grid, serial_shops,
          nicolae_shop_behind_doors
D:12:     layout_irregular_city
D:13:     layout_loops_ring, nicolae_ru_the_path_less_chosen, uniq_josephine
D:14:     layout_loops_corners, david_vaults_1, nicolae_gozag_zags_fifth_avenue
D:15:     hellmonk_depths_entry_around_the_bend, layout_cave_pools,
          nicolae_dithmenos_the_darkroom, hangedman_abyss_or_decor_slice,
          minmay_rotating_lava
Temple:   minmay_temple_bridge_d
Lair:1:   minmay_guarded_unrand_snakebite, layout_regular_city,
          gammafunk_ghost_arena, beast_lair_carwin_7, grunt_megastairs_2
Lair:2:   nzn_winding_woodlands_medium [nzn_winding_woodlands_5x5_default,
          nzn_winding_woodlands_5x15_pathside_ponds,
          nzn_winding_woodlands_5x5_checkerboard,
          nzn_winding_woodlands_5x5_cross, nzn_winding_woodlands_center_garden,
          nzn_winding_woodlands_5x5_perimeter,
          nzn_winding_woodlands_5x5_default,
          nzn_winding_woodlands_5x15_split_checker,
          nzn_winding_woodlands_5x5_open_star], layout_gridlike, special_room
          [special_room_bee], uniq_urug
Lair:3:   layout_chaotic_city, swamp_mist_pool, spider_nest_entry_a,
          grunt_megastairs_4, infiniplex_staircase_pool_2, lemuel_fruit_tree
Lair:4:   layout_loops_ring, minmay_slime_entry_pillars, minivault_26,
          serial_bayou_shore_a
Lair:5:   guppyfry_lair_end_dragon, layout_cave_shapes, wormcave,
          gammafunk_ghost_split, bobbens_dragon_lair_wall, uniq_kirke,
          uniq_sonja
Swamp:1:  layout_basic_swamp, serial_swamp_ruin, hangedman_swamp_ruin_wall,
          evilmike_swamp_ruin_rubble_1, evilmike_swamp_ruin_house_3,
          swamp_pool_4, nicolae_swamp_trees_clearing
Swamp:2:  regret_index_all_hallows'_manor, layout_basic_swamp,
          gammafunk_ghost_arena, evilmike_swamp_ruin_house_1, uniq_frances
Swamp:3:  layout_basic_swamp, evilmike_swamp_ruin_house_4, swamp_pool_1_2,
          st_swamp_ruins_1
Swamp:4:  byrel_swamp_growth_death_and_undeath, layout_basic_swamp,
          portal_ice_cave_entry_pillars_1
Orc:1:    cheibrodos_orc_guarddog, layout_caves, nicolae_shop_vocational
Orc:2:    st_orc_rangers, layout_diamond_mine, uniq_snorg
IceCv:    ice_cave_statue_garden_transporter

Skill      XL: |  1  2  3  4  5  6  7  8  9 10 11 12 13 14 15 16 17 |
---------------+----------------------------------------------------+-----
Long Blades    | 4 5 7 8 |  8.0
Fighting       | 4 5 6 8 9 12 13 18 19 20 | 20.0
Armour         | 1 2 4 5 9 10 14 15 16 | 16.2
Axes           | 3 7 9 12 13 14 16 | 16.0
Invocations    | 2 4 10 14 15 | 15.0
Evocations     | 2 5 7 |  7.0
Dodging        | 4 6 9 10 | 10.4

Action                     |  1- 3 |  4- 6 |  7- 9 | 10-12 | 13-15 | 16-18 || total
---------------------------+-------+-------+-------+-------+-------+-------++-------
  Melee: Falchion          |    35 |       |       |       |       |       ||    35
         Long sword        |    39 |    43 |       |       |       |       ||    82
         Headbutt          |    12 |    16 |    27 |   110 |   289 |   141 ||   595
         Broad axe         |       |    24 |   130 |   358 |   888 |   361 ||  1761
         Hand axe          |       |       |       |     3 |    25 |     6 ||    34
         Whip              |       |       |       |       |       |    45 ||    45
 Invoke: Ancestor Life: Ba |       |       |     1 |       |       |       ||     1
         Recall Ancestor   |       |       |     1 |       |     2 |     2 ||     5
         Idealise          |       |       |       |       |     3 |     4 ||     7
  Evoke: Wand              |       |       |       |       |       |     3 ||     3
    Use: Potion            |     1 |       |     1 |       |     4 |       ||     6
         Scroll            |       |     4 |     1 |    11 |    14 |     5 ||    35
   Stab: Distracted        |       |       |     3 |    10 |    14 |     8 ||    35
 Armour: Robe              |    35 |    40 |    33 |       |       |       ||   108
         Chain mail        |       |       |    84 |    58 |       |       ||   142
         Plate armour      |       |       |       |   299 |  1113 |   671 ||  2083
  Dodge: Dodged            |    50 |    44 |    66 |   163 |   411 |   228 ||   962
